 Dungeon Crawl Stone Soup version 0.29-a0-317-gd16b76e6b1 (webtiles) character file.

Game seed: 12336347583438816470

30 Gwenloh the Vexing (level 3, -1/27 HPs)
             Began as a Formicid Arcane Marksman on Mar 31, 2022.
             Slain by Crazy Yiuf
             ... wielding a +3 quarterstaff of chaos
              (3 damage)
             ... on level 2 of the Dungeon.
             The game lasted 00:03:22 (1990 turns).

Gwenloh the Vexing (Formicid Arcane Marksman)       Turns: 1990, Time: 00:03:22

Health: -1/27      AC:  3    Str: 14    XL:     3   Next: 35%
Magic:  4/5        EV: 12    Int: 12    God:
Gold:   82         SH:  0    Dex: 13    Spells: 4/5 levels left

rFire   . . .      SeeInvis +   a - +0 hand crossbow
rCold   . . .      Faith    .   (no shield)
rNeg    . . .      Spirit   .   b - +0 robe
rPois   .          Reflect  .   (helmet unavailable)
rElec   .          Harm     .   (no cloak)
rCorr   .          Rampage  .   m - +0 pair of gloves
Will    .....                   (no boots)
Stlth   +.........              (no amulet)
HPRegen 0.09/turn               (no ring)
MPRegen 0.09/turn               (no ring)

@: mighty, lethally poisoned (-1 -> -5), very slightly contaminated
A: permanent stasis, dig shafts and tunnels, antennae 3, four strong arms
a: Dig, Shaft Self


You were on level 2 of the Dungeon.
You visited 1 branch of the dungeon, and saw 2 of its levels.

You collected 82 gold pieces.

Inventory:

Hand Weapons
 a - a +0 hand crossbow (weapon)
Armour
 b - a +0 robe (worn)
 m - a +0 pair of gloves (worn)
Jewellery
 n - a ring of poison resistance
 s - an amulet of regeneration
Scrolls
 c - 2 scrolls of vulnerability
 d - a scroll of immolation {unknown}
 e - a scroll of blinking {unknown}
 f - 2 scrolls of identify {unknown}
 g - a scroll of teleportation {unknown}
 i - a scroll of silence {unknown}
 j - a scroll of amnesia {unknown}
 o - a scroll of holy word {unknown}
 p - a scroll of noise {unknown}
 q - a scroll of torment {unknown}
 t - a scroll of magic mapping {unknown}
Potions
 h - 2 potions of brilliance {unknown}
 k - a potion of lignification {unknown}
 l - a potion of heal wounds {unknown}
 r - a potion of ambrosia {unknown}


   Skills:
 + Level 1.7 Fighting
 * Level 2.7 Crossbows
 - Level 1.7 Dodging
 + Level 1.6 Spellcasting
 + Level 4.0 Hexes


You had 4 spell levels left.
You knew the following spells:

 Your Spells              Type           Power      Damage    Failure   Level
a - Slow                  Hex            40%        N/A       5%          1

Your spell library contained the following spells:

 Spells                   Type           Power      Damage    Failure   Level
 Inner Flame              Hex/Fire       5%         N/A       36%         3
 Portal Projectile        Hex/Tloc       10%        N/A       36%         3
 Cause Fear               Hex            5%         N/A       47%         4


Dungeon Overview and Level Annotations

Branches:
Dungeon (2/15)

Altars:
Vehumet

Annotations:
D:2 Crazy Yiuf


Innate Abilities, Weirdness & Mutations

You cannot be hasted, slowed, berserked, paralysed or teleported.
You can dig through walls and to a lower floor.
You have a pair of large antennae on your head. (SInv)
Your four strong arms can wield two-handed weapons with a shield.


Message History

You open the door.
There is an open door here.
There is a stone staircase leading down here.
You see here a +0 mace.
You see here a +0 mace.
Found a mace.
Found a runed translucent door.
You sense a monster nearby.
You open the door.
There is an open door here.
There is an open door here.
There is an open door here.
There is an open door here.
There is an open door here.
There is an open door here.
There is an open door here.
There is an open door here.
You see here a +0 mace.
Crazy Yiuf shouts!
Crazy Yiuf laughs, "East!"
You open the door.
Casting: Slow (safe; 5% risk of failure)
Confirm with . or Enter, or press ? or * to list all spells.
Aiming: Slow (safe; 5% risk of failure)
Press: ? - help, Shift-Dir - straight line, f - Crazy Yiuf
Aim: Crazy Yiuf, wielding a +3 quarterstaff of chaos, wearing a +0 cloak and carrying a wand of polymorph (8) (chance to affect: 57%)
You miscast Slow.
You are very lightly contaminated with residual magic.
Nothing appears to happen.
Crazy Yiuf hits you with a +3 quarterstaff of chaos.
You are poisoned.
Crazy Yiuf attacks as you move away!
Crazy Yiuf hits you with a +3 quarterstaff of chaos!
You feel very mighty all of a sudden.
You feel sick.
Crazy Yiuf flaps his cloak.
Crazy Yiuf attacks as you move away!
Crazy Yiuf hits you with a +3 quarterstaff of chaos!
* * * LOW HITPOINT WARNING * * *
Crazy Yiuf burns you.
You die...

#.# ####.##
#### #.## ###
#≈#. #..# #####
#≈≈. ##.# #..)#
#≈.. #.# #...#
######.# #.#
... #.......
#.# #'#
#.####.# #.#
♣♣g♣ #.# #.##
##.## ♣@♣♣
####.####.≈
#.#.# ♣♣.♣
#........≈≈
##.## ♣.♣♣
#######..## ###
♣♣.♣♣ ####
♣...♣♣ ########
♣....♣ #......#
#....#
#.########)...#
###
#.######.##).)#
#.#########


You could see Crazy Yiuf.

Vanquished Creatures
  A dart slug (D:2)
  A bat (D:1)
  3 endoplasms
  A hobgoblin (D:1)
  4 jackals (D:1)
  A kobold (D:1)
  4 ball pythons (D:1)
  A frilled lizard (D:2)
  5 goblins
  5 rats
26 creatures vanquished.

Notes
Turn   | Place    | Note
-------+----------+-------------------------------------------
     0 | D:1      | Gwenloh the Formicid Arcane Marksman began the quest for
                  | the Orb.
     0 | D:1      | Reached XP level 1. HP: 15/15 MP: 2/2
   196 | D:1      | Reached XP level 2. HP: 21/21 MP: 3/3
   705 | D:1      | Found a faded altar of an unknown god.
   794 | D:1      | Reached XP level 3. HP: 26/26 MP: 5/5
  1409 | D:2      | Reached skill level 4 in Hexes
  1724 | D:2      | Found a radiant altar of Vehumet.
  1856 | D:2      | Found a runed translucent door.
  1857 | D:2      | Noticed Crazy Yiuf
  1990 | D:2      | Slain by Crazy Yiuf

Illustrated notes

Levels and vault maps discovered:
D:1:      wander_arrival_peaceful_grave, layout_loops_corners,
          hellmonk_ecumenical_altar_crossroads
D:2:      layout_loops_corners, basic_altar, chequers_serial_rivers_small_b,
          dk_noncrumbling_3, uniq_crazy_yiuf_cottage

Skill      XL: |  1  2  3 |
---------------+----------+-----
Hexes          | 4 |  4.0
Fighting       | |  1.7
Crossbows      | |  2.7
Dodging        | |  1.7
Spellcasting   | |  1.6

Action                   || total
-------------------------++-------
 Fire: Hand crossbow     ||    77
Armor: Robe              ||     7
Dodge: Dodged            ||    24

Table legend: (Time is in decaauts)
 A = Elapsed time spent in this place.
 B = Non-inter-level travel time spent in this place.
 C = Inter-level travel time spent in this place.
 D = Time resting spent in this place.
 E = Time spent auto-exploring this place.
 F = Levels seen in this place.
 G = Mean time per level.
                   A        B        C        D        E       F      G
               +--------+--------+--------+--------+--------+-----+--------+
         Total |   2022 |   2010 |     12 |      0 |   1725 |   2 | 1011.0 |
       Dungeon |   2022 |   2010 |     12 |      0 |   1725 |   2 | 1011.0 |
               +--------+--------+--------+--------+--------+-----+--------+

Top non-repeatable levels by time:
     D:1: 1081 daAuts
     D:2: 940 daAuts
